 Dungeon Crawl Stone Soup version 0.28.0 (webtiles) character file.

Game seed: 7884901095063417518

259 zeram the Covert (level 6, -2/58 HPs)
             Began as an Octopode Brigand on Feb 4, 2022.
             Slain by an orc (3 damage)
             ... on level 4 of the Dungeon.
             The game lasted 00:04:16 (3234 turns).

zeram the Covert (Octopode Brigand)                 Turns: 3234, Time: 00:04:17

Health: -2/58      AC: 23    Str: 11    XL:     6   Next: 17%
Magic:  6/6        EV:  2    Int: 15    God:
Gold:   185        SH:  0    Dex: 13    Spells: 5/5 levels left

rFire   . . .      SeeInvis .   a - +2 dagger
rCold   . . .      Faith    .   (no shield)
rNeg    . . .      Spirit   .   (helmet currently unavailable)
rPois   +          Reflect  .   (no amulet)
rElec   .          Harm     .   (no ring)
rCorr   .          Rampage  .   (no ring)
Will    .....      NoTele   +   (no ring)
Stlth   ++........              (no ring)
HPRegen 0.19/turn               (no ring)
MPRegen 0.10/turn               (no ring)
                                (no ring)
                                (no ring)

@: confused, brilliant, tree-form, hasted, very quick
A: stationary, stasis, torment immunity, boosted hp, almost no armour,
(amphibious), 8 rings, (camouflage 1), (gelatinous body 1), (nimble swimmer 1),
(tentacles)
a: no special abilities


You were on level 4 of the Dungeon.
You were a tree.
You visited 1 branch of the dungeon, and saw 4 of its levels.

You collected 185 gold pieces.

Inventory:

Hand Weapons
 a - a +2 dagger (weapon)
Missiles
 b - 17 poisoned darts (quivered)
 c - 2 curare-tipped darts
Jewellery
 d - a ring of fire
 f - an amulet of reflection
 g - a +4 ring of protection
 h - an amulet of magic regeneration
 i - an amulet of regeneration
Scrolls
 k - a scroll of amnesia
 l - a scroll of vulnerability {unknown}
 o - a scroll of fear
Potions
 e - a potion of flight


   Skills:
 - Level 2.0 Fighting
 - Level 2.0 Short Blades
 - Level 2.0 Throwing
 - Level 1.0 Dodging
 + Level 10.1 Stealth


You had 5 spell levels left.
You didn't know any spells.
Your spell library contained the following spells:

 Spells                   Type           Power      Damage    Failure   Level
 Frozen Ramparts          Ice            0%         1d2       63%         3
 Ice Form                 Ice/Tmut       0%         N/A       95%         4
 Summon Ice Beast         Ice/Summ       0%         N/A       95%         4


Dungeon Overview and Level Annotations

Branches:
Dungeon (4/15)
 Temple: D:4-7

Altars:
Sif Muna


Innate Abilities, Weirdness & Mutations

You are a tree.
Your roots penetrate the ground, keeping you stationary.
You cannot be teleported.
You are immune to unholy pain and torment.
Your maximum health is greatly increased.
You cannot wear most types of armour.
((You are amphibious.))
You can wear up to eight rings at the same time.
((Your skin changes colour to match your surroundings (Stealth+).))
((Your rubbery body absorbs attacks. (AC +1, EV +1)))
((You are camouflaged when in or above water. (Stealth+)))
((You have tentacles for arms and can constrict up to eight enemies at once.))


Message History

You cannot move. (Use ctrl+direction or * direction to attack without moving.)
You cannot move. (Use ctrl+direction or * direction to attack without moving.)
You cannot move. (Use ctrl+direction or * direction to attack without moving.)
You cannot move. (Use ctrl+direction or * direction to attack without moving.)
There are monsters nearby!
Unknown command.
Okay, then.
You are too confused!
The orc priest hits you but does no damage.
The orc hits you but does no damage.
The orc priest hits you but does no damage.
The orc hits you but does no damage.
You cannot move. (Use ctrl+direction or * direction to attack without moving.)
You cannot move. (Use ctrl+direction or * direction to attack without moving.)
You attack the rock wall.
The orc priest hits you but does no damage.
The orc hits you but does no damage.
You hit the orc priest.
The orc priest is severely wounded.
The orc wizard hits you with a +0 war axe.
* * * LOW HITPOINT WARNING * * *
The orc priest looks braver for a moment.
You swing at nothing.
The orc hits you but does no damage.
The orc wizard mumbles some strange words.
The orc wizard flickers and vanishes!
Deactivating autopickup; reactivate with Ctrl-A.
You hit the orc priest.
The orc priest is almost dead.
The orc priest hits you but does no damage.
The orc hits you but does no damage.
You hit the orc priest but do no damage.
The orc priest is almost dead.
You hear some strange, mumbled words.
You are more confused.
The orc priest hits you with a +0 club.
* * * LOW HITPOINT WARNING * * *
You barely miss the orc priest.
The orc priest is almost dead.
The orc hits you with a +0 dagger.
You die...

........# #.......#
#.......##
#........#
#........'
#........# #.{o....#
#o♣.....# #.#######
. #.......##..
##...........
#............
+............
#............
#............
#########'#########.


You could see an orc priest and an orc.

Vanquished Creatures
  Menkaure (D:4)
  4 adders
  An adder skeleton (D:4)
  2 worms (D:2)
  3 dart slugs
  5 orcs
  6 ball pythons
  2 endoplasms
  2 giant cockroaches
  4 goblins
  4 hobgoblins
  4 jackals (D:1)
  3 quokkas (D:1)
  11 bats
  5 frilled lizards
  12 kobolds
  5 rats
74 creatures vanquished.

Notes
Turn   | Place    | Note
-------+----------+-------------------------------------------
     0 | D:1      | zeram the Octopode Brigand began the quest for the Orb.
     0 | D:1      | Reached XP level 1. HP: 14/14 MP: 1/1
   146 | D:1      | Reached skill level 6 in Stealth
   146 | D:1      | Reached XP level 2. HP: 13/19 MP: 2/2
   613 | D:1      | Reached XP level 3. HP: 24/24 MP: 3/3
   861 | D:1      | Found a faded altar of an unknown god.
   863 | D:1      | Noticed a golden eye
   863 | D:1      | Noticed a shining eye
   864 | D:1      | Noticed a great orb of eyes
   864 | D:1      | Noticed a golden eye
   910 | D:1      | Reached skill level 7 in Stealth
  1231 | D:2      | Reached XP level 4. HP: 29/29 MP: 4/4
  1337 | D:2      | Found a shimmering blue altar of Sif Muna.
  1852 | D:2      | Reached skill level 8 in Stealth
  2512 | D:3      | Reached XP level 5. HP: 34/34 MP: 5/5
  2823 | D:4      | Noticed Menkaure
  2834 | D:4      | Killed Menkaure
  2835 | D:4      | Reached skill level 10 in Stealth
  2835 | D:4      | Reached XP level 6. HP: 11/39 MP: 6/6
  3233 | D:4      | HP: 1/58 [orc priest (3)]
  3234 | D:4      | Slain by an orc

Illustrated notes

Levels and vault maps discovered:
D:1:      scummos_arrival_simple_fountains, layout_loops_ring,
          hellmonk_ecumenical_altar_watching_god, serial_bayou_pond_d, hex_large
D:2:      kennysheep_six_static_rooms, layout_basic, basic_altar
D:3:      layout_rooms, skrybe_limestone_x
D:4:      layout_gridville, uniq_duvessa, uniq_grinder, uniq_menkaure,
          uniq_eustachio

Skill      XL: |  1  2  3  4  5 |
---------------+----------------+-----
Stealth        | 6 7 8 10 | 10.1
Fighting       | |  2.0
Short Blades   | |  2.0
Throwing       | |  2.0
Dodging        | |  1.0

Action                   |  1- 3 |  4- 6 || total
-------------------------+-------+-------++-------
Melee: Dagger            |    62 |    69 ||   131
       Tentacles         |    11 |    11 ||    22
       Constrict         |    16 |    14 ||    30
       Punch             |     1 |     1 ||     2
  Use: Scroll            |     2 |     5 ||     7
       Potion            |       |     3 ||     3
 Stab: Sleeping          |    19 |    14 ||    33
Armor: Skin              |     5 |    14 ||    19
Dodge: Dodged            |    30 |    24 ||    54
